 Dungeon Crawl Stone Soup version 0.23.2-30-g0e89c35649 (webtiles) character file.

Game seed: 7668585139735189588

234 Glalom the Chopper (level 5, 0/47 HPs)
             Began as a Minotaur Fighter on June 13, 2019.
             Slain by Sigmund
             ... wielding a +0 scythe of protection
              (3 damage)
             ... on level 3 of the Dungeon.
             The game lasted 00:05:46 (2536 turns).

Glalom the Chopper (Minotaur Fighter)               Turns: 2536, Time: 00:05:47

Health: 0/47       AC: 11    Str: 22    XL:     5   Next: 75%
Magic:  4/4        EV:  8    Int:  5    God:
Gold:   137        SH:  9    Dex:  9    Spells: 4/4 levels left

rFire    . . .     SeeInvis .   a - +0 war axe
rCold    . . .     Gourm    .   c - +0 shield
rNeg     . . .     Faith    .   v - +1 ring mail {rPois}
rPois    +         Spirit   .   (helmet restricted)
rElec    .         Reflect  .   (no cloak)
rCorr    .         Harm     .   g - +0 pair of gloves
MR       .....                  u - +2 pair of boots
Stlth    ..........             (no amulet)
HPRegen  0.15/turn              (no ring)
MPRegen  0.09/turn              (no ring)

@: no status effects
A: retaliatory headbutt, horns 2
a: no special abilities


You were on level 3 of the Dungeon.
You were hungry.

You visited 1 branch of the dungeon, and saw 3 of its levels.

You collected 137 gold pieces.

Inventory:

Hand Weapons
 a - a +0 war axe (weapon)
Armour
 b - a +0 scale mail
 c - a +0 shield (worn)
 g - a +0 pair of gloves (worn)
 u - a +2 pair of boots (worn)
 v - a +1 ring mail of poison resistance (worn)
Jewellery
 r - an uncursed ring of resist corrosion {unknown}
Wands
 x - a wand of paralysis (4)
Scrolls
 i - 3 scrolls of remove curse {unknown}
 k - 2 scrolls of identify {unknown}
 l - 3 scrolls of blinking {unknown}
 m - a scroll of fog {unknown}
 n - a scroll of amnesia {unknown}
 q - 2 scrolls of teleportation {unknown}
 s - a scroll of enchant armour {unknown}
 t - a scroll of enchant weapon {unknown}
Potions
 d - a potion of might
 e - a potion of curing {unknown}
 h - a potion of agility {unknown}
 j - a potion of haste {unknown}
 o - a potion of berserk rage {unknown}
 p - a potion of cancellation {unknown}
 w - a potion of lignification {unknown}
Comestibles
 f - 3 rations


   Skills:
 + Level 4.7 Fighting
 * Level 5.0 Axes
 + Level 4.7 Armour
 + Level 4.7 Shields


You had 4 spell levels left.
You didn't know any spells.
Your spell library was empty.

Dungeon Overview and Level Annotations

Branches:
Dungeon (3/15)

Altars:

Annotations:
D:3 Sigmund


Innate Abilities, Weirdness & Mutations

You reflexively headbutt those who attack you in melee.
You have a pair of horns on your head.


Message History

A kobold comes into view.
Something completely misses you.
The kobold moves out of view.
You miss something. Your headbutt misses something.
Something completely misses you.
You barely miss something. You headbutt something.
You hear some strange, mumbled words.
A magic dart appears from out of thin air!
The magic dart hits you.
* * * LOW HITPOINT WARNING * * *
You closely miss something. You headbutt something.
You block something's attack.
You closely miss something. Something hits you but does no damage.
You hit something. You headbutt something.
Something hits you but does no damage.
You hit something but do no damage. You miss something.
Something hits you but does no damage.
You barely miss something.
Sigmund appears from thin air!
Reactivating autopickup.
Sigmund hits you with a +0 scythe of protection.
You die...

)..........##.# #.# #
.##[.>..##.# #.# #
#.###.##.#####.### #.#
#(##.#........ #.#
#.##.#.#####.# #.# #.#
.# #.# #.# #.# #.# #.#
#.# #.# # #@# #.### #..
#. #.####@###...#
.......#
#.####........###.#
########
...#######....##.#
#.###.#########..##.#
#................##.#
.##.###.##########.##.#
.... #.# #.##.#
..#.###.##### #.##.#


You could see Sigmund.

Vanquished Creatures
  An orc priest (D:3)
  2 orc wizards (D:3)
  8 adders
  2 worms (D:2)
  4 leopard geckos
  5 orcs (D:3)
  3 ball pythons
  3 bats
  4 giant cockroaches (D:1)
  6 goblins
  A hobgoblin (D:1)
  4 jackals (D:3)
  10 kobolds
  4 frilled lizards
  8 rats
65 creatures vanquished.

Vanquished Creatures (others)
  An orc wizard (D:3)
1 creature vanquished.

Grand Total: 66 creatures vanquished

Notes
Turn   | Place    | Note
-------+----------+-------------------------------------------
     0 | D:1      | Glalom the Minotaur Fighter began the quest for the Orb.
     0 | D:1      | Reached XP level 1. HP: 19/19 MP: 0/0
   301 | D:1      | Reached XP level 2. HP: 26/27 MP: 1/1
   382 | D:1      | Reached skill level 3 in Axes
   710 | D:1      | Reached XP level 3. HP: 30/33 MP: 2/2
  1425 | D:2      | Found a faded altar of an unknown god.
  1489 | D:2      | Reached XP level 4. HP: 40/40 MP: 3/3
  1534 | D:2      | Reached skill level 4 in Axes
  2024 | D:3      | Reached XP level 5. HP: 47/47 MP: 4/4
  2455 | D:3      | Reached skill level 5 in Axes
  2508 | D:3      | Noticed Sigmund
  2527 | D:3      | HP: 2/47 [something (6)]
  2536 | D:3      | Slain by Sigmund

Skill      XL: |  1  2  3  4  5 |
---------------+----------------+-----
Axes           | 3 4 5 |  5.0
Armour         | 4 |  4.7
Shields        | 4 |  4.7
Fighting       | 4 |  4.7

Action                   |  1- 3 |  4- 6 || total
-------------------------+-------+-------++-------
Melee: War axe           |   109 |   109 ||   218
       Headbutt          |    12 |    22 ||    34
  Eat: Chunk             |     2 |     3 ||     5
Armor: Scale mail        |    59 |    30 ||    89
       Ring mail         |       |    25 ||    25
Dodge: Dodged            |    25 |    16 ||    41
Block: Shield            |    62 |    44 ||   106
